[ AOE2 MATCH · #477418392 ]
UnrankedLithuanians vs Slavs
[ REPLAY ANALYSIS · EXTRACTED FROM THE RECORDED GAME ]
Feudal
11:46
Castle
15:23
Imperial
—
| APM avg | 77.3 |
| APM peak | 146 |
| eAPM avg | 42.2 |
| Villagers / military | 60 / 5 |
Focus
⚔️ 54.7% · 🌾 45.3%
Scout Cavalry ×5
Feudal
10:45
Castle
15:28
Imperial
—
| APM avg | 31.7 |
| APM peak | 55 |
| eAPM avg | 14.6 |
| Villagers / military | 26 / 7 |
Focus
⚔️ 35.8% · 🌾 64.2%
Monk ×5 · Mangonel ×2
Feudal
10:30
Castle
13:46
Imperial
—
| APM avg | 39.3 |
| APM peak | 70 |
| eAPM avg | 16.8 |
| Villagers / military | 45 / 6 |
Focus
⚔️ 7.1% · 🌾 92.9%
Spearman ×5 · Mangonel ×1
Feudal
9:41
Castle
13:27
Imperial
—
| APM avg | 53.6 |
| APM peak | 88 |
| eAPM avg | 23.9 |
| Villagers / military | 29 / 9 |
Focus
⚔️ 36.3% · 🌾 63.7%
Monk ×5 · Mangonel ×3 · Battering Ram ×1
Feudal
11:32
Castle
15:07
Imperial
—
| APM avg | 38.0 |
| APM peak | 97 |
| eAPM avg | 15.5 |
| Villagers / military | 45 / 3 |
Focus
⚔️ 11.8% · 🌾 88.2%
Monk ×3
Feudal
8:01
Castle
—
Imperial
—
| APM avg | 45.6 |
| APM peak | 102 |
| eAPM avg | 26.3 |
| Villagers / military | 63 / 0 |
Focus
⚔️ 42.3% · 🌾 57.7%
Feudal
10:38
Castle
14:16
Imperial
—
| APM avg | 21.4 |
| APM peak | 40 |
| eAPM avg | 15.1 |
| Villagers / military | 44 / 1 |
Focus
⚔️ 26.8% · 🌾 73.2%
Monk ×1
Feudal
10:42
Castle
14:37
Imperial
—
| APM avg | 53.7 |
| APM peak | 93 |
| eAPM avg | 23.7 |
| Villagers / military | 51 / 8 |
Focus
⚔️ 43.6% · 🌾 56.4%
Knight ×8
Match map
Initial resources + every placement click. Lines = walls · curves = elevation contours. ◆ gold · ⬟ stone · ● berries · ✦ relic · ◌ wall gap
Your base· ✓ Closed at 15:23 · 0t walls · 2 gate(s)
JunkDogJoe's base· ✓ Closed at 15:28 · 21t walls · 2 gate(s)
goldenseed's base· ✓ Closed at 13:46 · 0t walls · 2 gate(s)
[GDL] Tortillinas's base· ✓ Closed at 13:27 · 0t walls · 2 gate(s)
Longbow's base· ✓ Closed at 15:07 · 0t walls · 2 gate(s)
[GDL] Chuchito's base· ✓ Closed at 12:00 · 0t walls · 4 gate(s)
llllllllllllllll's base· ✓ Closed at 14:16 · 0t walls · 2 gate(s)
VENÓN | Kevin's base· ✓ Closed at 14:37 · 0t walls · 2 gate(s)
Smoothed initial terrain · ◌ = detected wall gap · hover for details
Inputs per minute
— VENÓN | Talk is cheap - - JunkDogJoe
Build order — VENÓN | Talk is cheap
117 actions detected in the replay
| 0:01 | Queue | Villager (Male) |
| 0:01 | Queue | Villager (Male) |
| 0:01 | Queue | Villager (Male) |
| 0:02 | Queue | Villager (Male) |
| 0:02 | Build | House |
| 0:03 | Build | House |
| 0:18 | Queue | Villager (Male) |
| 0:18 | Queue | Villager (Male) |
| 1:24 | Queue | Villager (Male) |
| 1:24 | Queue | Villager (Male) |
| 1:47 | Build | Lumber Camp |
| 2:02 | Queue | Villager (Male) |
| 2:20 | Queue | Villager (Male) |
| 2:44 | Queue | Villager (Male) |
| 3:28 | Build | House |
| 3:31 | Queue | Villager (Male) |
| 3:49 | Build | Mill |
| 3:53 | Queue | Villager (Male) |
| 3:54 | Queue | Villager (Male) |
| 4:17 | Queue | Villager (Male) |
| 4:48 | Queue | Villager (Male) |
| 4:56 | Queue | Villager (Male) |
| 5:11 | Queue | Villager (Male) |
| 5:11 | Queue | Villager (Male) |
| 5:17 | Build | House |
| 5:27 | Build | Farm |
| 5:46 | Queue | Villager (Male) |
| 6:10 | Queue | Villager (Male) |
| 6:10 | Queue | Villager (Male) |
| 6:10 | Queue | Villager (Male) |
| 6:52 | Queue | Villager (Male) |
| 6:52 | Queue | Villager (Male) |
| 6:55 | Build | Farm |
| 6:58 | Build | Farm |
| 6:59 | Queue | Villager (Male) |
| 7:00 | Queue | Villager (Male) |
| 7:17 | Queue | Villager (Male) |
| 7:18 | Queue | Villager (Male) |
| 7:44 | Build | House |
| 8:31 | Build | Farm |
| 8:54 | Build | Mining Camp |
| 9:15 | Research | Feudal Age |
| 9:15 | Research | Feudal Age |
| 10:08 | Build | Barracks |
| 10:22 | Queue | Villager (Male) |
| 11:01 | Build | House |
| 11:46 | Age | Feudal Age |
| 11:49 | Build | Market |
| 11:50 | Build | Stable |
| 11:56 | Research | Double-Bit Axe |
| 11:56 | Research | Double-Bit Axe |
| 11:57 | Queue | Villager (Male) |
| 12:37 | Research | Gold Mining |
| 12:43 | Research | Castle Age |
| 12:47 | Queue | Scout Cavalry |
| 12:58 | Research | Horse Collar |
| 13:15 | Build | Farm |
| 13:23 | Build | Farm |
| 13:28 | Queue | Scout Cavalry |
| 13:33 | Queue | Villager (Male) |
| 13:35 | Build | Farm |
| 13:39 | Build | Farm |
| 13:47 | Build | House |
| 13:58 | Queue | Scout Cavalry |
| 14:25 | Queue | Scout Cavalry |
| 14:33 | Build | Farm |
| 14:36 | Queue | Villager (Male) |
| 14:38 | Build | House |
| 14:47 | Queue | Villager (Male) |
| 14:52 | Build | Farm |
| 15:23 | Age | Castle Age |
| 15:27 | Build | Town Center |
| 15:27 | Queue | Villager (Male) |
| 15:32 | Queue | Villager (Male) |
| 15:32 | Queue | Villager (Male) |
| 15:34 | Build | Town Center |
| 15:52 | Research | Light Cavalry (upgrade) |
| 15:52 | Research | Light Cavalry (upgrade) |
| 16:03 | Queue | Scout Cavalry |
| 16:09 | Build | House |
| 16:13 | Build | Farm |
| 16:14 | Queue | Villager (Male) |
| 16:32 | Queue | Villager (Male) |
| 16:37 | Build | Farm |
| 16:37 | Build | Farm |
| 16:51 | Queue | Villager (Male) |
| 16:53 | Build | Farm |
| 16:57 | Queue | Villager (Male) |
| 16:58 | Queue | Villager (Male) |
| 17:00 | Queue | Villager (Male) |
| 17:01 | Queue | Villager (Male) |
| 17:08 | Queue | Villager (Male) |
| 17:17 | Queue | Villager (Male) |
| 17:19 | Build | Farm |
| 17:25 | Queue | Villager (Male) |
| 17:30 | Build | Farm |
| 17:43 | Queue | Villager (Male) |
| 17:46 | Queue | Villager (Male) |
| 17:50 | Build | Farm |
| 17:50 | Build | Farm |
| 18:03 | Queue | Villager (Male) |
| 18:12 | Queue | Villager (Male) |
| 18:12 | Queue | Villager (Male) |
| 18:13 | Build | Farm |
| 18:18 | Build | Farm |
| 18:22 | Build | House |
| 18:23 | Build | House |
| 18:28 | Queue | Villager (Male) |
| 18:36 | Queue | Villager (Male) |
| 18:36 | Queue | Villager (Male) |
| 18:45 | Queue | Villager (Male) |
| 18:46 | Queue | Villager (Male) |
| 18:47 | Queue | Villager (Male) |
| 18:49 | Build | Farm |
| 19:01 | Queue | Villager (Male) |
| 19:02 | Build | Farm |
| 19:03 | Queue | Villager (Male) |
Build order — JunkDogJoe
66 actions detected in the replay
| 0:00 | Queue | Villager (Male) |
| 0:02 | Build | House |
| 0:03 | Build | House |
| 0:12 | Queue | Villager (Male) ×3 |
| 1:45 | Queue | Villager (Male) |
| 1:45 | Queue | Villager (Male) |
| 1:53 | Build | Lumber Camp |
| 2:09 | Queue | Villager (Male) |
| 2:09 | Queue | Villager (Male) |
| 2:33 | Queue | Villager (Male) |
| 2:33 | Queue | Villager (Male) |
| 3:17 | Queue | Villager (Male) |
| 3:18 | Queue | Villager (Male) |
| 3:50 | Queue | Villager (Male) |
| 3:50 | Queue | Villager (Male) |
| 3:57 | Build | House |
| 4:25 | Build | House |
| 4:35 | Queue | Villager (Male) |
| 4:36 | Queue | Villager (Male) |
| 4:38 | Queue | Villager (Male) |
| 4:58 | Build | Mill |
| 5:45 | Queue | Villager (Male) |
| 5:46 | Queue | Villager (Male) |
| 6:12 | Queue | Villager (Male) |
| 6:34 | Queue | Villager (Male) |
| 7:16 | Build | Mining Camp |
| 7:37 | Queue | Villager (Male) |
| 7:58 | Research | Feudal Age |
| 8:10 | Research | Loom |
| 8:10 | Research | Feudal Age |
| 8:13 | Build | House |
| 8:17 | Build | House |
| 8:20 | Build | House |
| 8:51 | Build | Palisade Wall |
| 9:01 | Build | Palisade Wall |
| 10:17 | Build | Palisade Wall |
| 10:33 | Build | House |
| 10:45 | Age | Feudal Age |
| 10:50 | Queue | Villager (Male) |
| 10:50 | Queue | Villager (Male) |
| 11:01 | Build | Market |
| 11:08 | Build | Blacksmith |
| 11:11 | Build | Palisade Wall |
| 11:33 | Build | Palisade Wall |
| 11:54 | Build | House |
| 12:48 | Research | Castle Age |
| 13:04 | Build | House |
| 13:07 | Build | House |
| 13:47 | Build | House |
| 14:38 | Build | Palisade Wall |
| 14:42 | Build | Palisade Wall |
| 14:44 | Build | House |
| 15:28 | Age | Castle Age |
| 15:33 | Build | Siege Workshop |
| 15:35 | Build | Monastery |
| 15:46 | Build | Palisade Wall |
| 15:59 | Build | Market |
| 16:06 | Queue | Mangonel |
| 16:15 | Queue | Monk |
| 16:16 | Queue | Monk |
| 16:42 | Queue | Villager (Male) |
| 16:42 | Queue | Villager (Male) |
| 17:10 | Queue | Monk |
| 17:18 | Queue | Monk |
| 17:38 | Queue | Monk |
| 17:47 | Queue | Mangonel |
Build order — goldenseed
88 actions detected in the replay
| 0:01 | Queue | Villager (Male) |
| 0:01 | Queue | Villager (Male) |
| 0:02 | Build | House |
| 0:05 | Build | House |
| 0:07 | Queue | Villager (Male) |
| 0:07 | Queue | Villager (Male) |
| 0:17 | Queue | Villager (Male) |
| 1:26 | Queue | Villager (Male) |
| 1:53 | Build | Lumber Camp |
| 2:01 | Queue | Villager (Male) |
| 2:44 | Queue | Villager (Male) |
| 2:44 | Queue | Villager (Male) |
| 2:53 | Queue | Villager (Male) |
| 3:16 | Build | House |
| 3:17 | Build | House |
| 3:18 | Build | House |
| 3:34 | Queue | Villager (Male) |
| 4:27 | Queue | Villager (Male) |
| 4:27 | Queue | Villager (Male) |
| 4:27 | Queue | Villager (Male) |
| 4:44 | Build | House |
| 4:56 | Build | Mill |
| 5:40 | Queue | Villager (Male) |
| 5:40 | Queue | Villager (Male) |
| 6:20 | Queue | Villager (Male) |
| 6:20 | Queue | Villager (Male) |
| 6:32 | Queue | Villager (Male) |
| 6:33 | Queue | Villager (Male) |
| 6:34 | Research | Loom |
| 7:18 | Build | Mining Camp |
| 7:40 | Research | Feudal Age |
| 7:40 | Research | Feudal Age |
| 8:41 | Queue | Villager (Male) |
| 8:42 | Queue | Villager (Male) |
| 9:01 | Build | Farm |
| 9:03 | Build | Farm |
| 9:06 | Build | Farm |
| 10:30 | Age | Feudal Age |
| 10:32 | Build | Market |
| 10:35 | Build | Blacksmith |
| 11:18 | Queue | Villager (Male) |
| 11:21 | Research | Castle Age |
| 11:51 | Research | Double-Bit Axe |
| 13:10 | Queue | Villager (Male) |
| 13:15 | Build | Outpost |
| 13:30 | Queue | Villager (Male) |
| 13:43 | Queue | Villager (Male) |
| 13:46 | Age | Castle Age |
| 13:48 | Build | Town Center |
| 13:54 | Queue | Villager (Male) |
| 13:56 | Build | Farm |
| 13:58 | Build | Farm |
| 13:59 | Build | Farm |
| 13:59 | Queue | Villager (Male) |
| 14:17 | Queue | Villager (Male) |
| 14:19 | Build | Farm |
| 14:20 | Queue | Villager (Male) |
| 14:38 | Queue | Villager (Male) |
| 14:40 | Queue | Villager (Male) |
| 14:51 | Build | Barracks |
| 14:52 | Queue | Villager (Male) |
| 14:54 | Queue | Villager (Male) |
| 14:56 | Build | Farm |
| 14:58 | Build | Farm |
| 15:05 | Queue | Villager (Male) |
| 15:10 | Build | Farm |
| 15:18 | Queue | Villager (Male) |
| 15:24 | Build | Town Center |
| 15:36 | Build | Farm |
| 15:38 | Build | Farm |
| 15:39 | Queue | Villager (Male) |
| 15:39 | Queue | Villager (Male) |
| 15:44 | Build | Farm |
| 15:51 | Queue | Spearman |
| 16:05 | Build | Siege Workshop |
| 16:13 | Queue | Spearman |
| 16:27 | Queue | Villager (Male) |
| 16:33 | Queue | Mangonel |
| 16:38 | Queue | Spearman |
| 16:50 | Queue | Villager (Male) |
| 16:55 | Queue | Villager (Male) |
| 17:02 | Build | Mining Camp |
| 17:11 | Queue | Spearman |
| 17:13 | Queue | Villager (Male) |
| 17:22 | Queue | Spearman |
| 18:13 | Queue | Villager (Male) |
| 18:23 | Queue | Villager (Male) |
| 18:32 | Queue | Villager (Male) |
Build order — [GDL] Tortillinas
63 actions detected in the replay
| 0:01 | Queue | Villager (Male) ×4 |
| 0:02 | Build | House |
| 0:03 | Build | House |
| 1:12 | Queue | Villager (Male) |
| 1:44 | Build | Lumber Camp |
| 1:56 | Queue | Villager (Male) |
| 2:22 | Queue | Villager (Male) |
| 2:43 | Queue | Villager (Male) |
| 2:59 | Queue | Villager (Male) |
| 3:01 | Build | House |
| 3:42 | Queue | Villager (Male) |
| 3:43 | Queue | Villager (Male) |
| 3:49 | Build | House |
| 4:12 | Queue | Villager (Male) |
| 4:22 | Build | Mill |
| 4:34 | Queue | Villager (Male) |
| 4:45 | Queue | Villager (Male) |
| 5:04 | Queue | Villager (Male) |
| 5:16 | Queue | Villager (Male) |
| 5:46 | Queue | Villager (Male) |
| 5:46 | Queue | Villager (Male) |
| 5:47 | Queue | Villager (Male) |
| 6:47 | Build | Mining Camp |
| 7:30 | Research | Feudal Age |
| 9:10 | Queue | Villager (Male) |
| 9:10 | Research | Loom |
| 9:41 | Age | Feudal Age |
| 9:48 | Build | Market |
| 9:51 | Build | Blacksmith |
| 10:47 | Research | Castle Age |
| 11:11 | Research | Double-Bit Axe |
| 11:57 | Build | House |
| 13:27 | Age | Castle Age |
| 13:32 | Build | Siege Workshop |
| 13:37 | Build | Monastery |
| 13:40 | Queue | Villager (Male) |
| 13:43 | Queue | Villager (Male) |
| 14:18 | Queue | Battering Ram |
| 14:22 | Research | Sanctity |
| 14:22 | Queue | Monk |
| 14:29 | Queue | Villager (Male) |
| 14:32 | Build | House |
| 14:37 | Queue | Mangonel |
| 14:53 | Queue | Villager (Male) |
| 15:13 | Build | Monastery |
| 15:19 | Queue | Villager (Male) |
| 15:49 | Queue | Monk |
| 15:51 | Queue | Monk |
| 16:09 | Queue | Monk |
| 16:27 | Queue | Villager (Male) |
| 16:28 | Queue | Villager (Male) |
| 16:30 | Build | Farm |
| 16:31 | Build | Farm |
| 16:31 | Build | Farm |
| 16:32 | Build | Farm |
| 16:57 | Build | House |
| 17:08 | Research | Redemption |
| 17:35 | Queue | Monk |
| 18:32 | Queue | Mangonel |
| 18:35 | Queue | Villager (Male) |
| 18:53 | Queue | Villager (Male) |
| 18:57 | Queue | Mangonel |
| 19:02 | Build | House |
Build order — Longbow
96 actions detected in the replay
| 0:02 | Queue | Villager (Male) |
| 0:02 | Queue | Villager (Male) |
| 0:04 | Build | House |
| 0:06 | Build | House |
| 0:11 | Queue | Villager (Male) |
| 0:14 | Queue | Villager (Male) |
| 0:14 | Queue | Villager (Male) |
| 1:08 | Queue | Villager (Male) |
| 1:59 | Build | Lumber Camp |
| 2:16 | Queue | Villager (Male) |
| 2:17 | Queue | Villager (Male) |
| 2:17 | Queue | Villager (Male) |
| 2:17 | Queue | Villager (Male) |
| 2:17 | Queue | Villager (Male) |
| 3:01 | Queue | Villager (Male) |
| 3:36 | Build | House |
| 3:37 | Build | House |
| 3:39 | Queue | Villager (Male) |
| 3:43 | Queue | Villager (Male) |
| 3:58 | Queue | Villager (Male) |
| 4:19 | Queue | Villager (Male) |
| 4:21 | Build | House |
| 4:53 | Build | Lumber Camp |
| 5:23 | Queue | Villager (Male) |
| 5:42 | Queue | Villager (Male) |
| 5:43 | Queue | Villager (Male) |
| 5:44 | Queue | Villager (Male) |
| 5:44 | Queue | Villager (Male) |
| 6:07 | Build | Mill |
| 6:08 | Queue | Villager (Male) |
| 7:06 | Build | Farm |
| 7:08 | Build | Farm |
| 7:10 | Build | Farm |
| 7:12 | Build | Farm |
| 7:46 | Queue | Villager (Male) |
| 7:48 | Queue | Villager (Male) |
| 8:34 | Queue | Villager (Male) |
| 9:13 | Build | Mining Camp |
| 9:15 | Research | Feudal Age |
| 9:15 | Research | Feudal Age |
| 11:32 | Age | Feudal Age |
| 11:33 | Queue | Villager (Male) |
| 11:33 | Queue | Villager (Male) |
| 11:38 | Build | Market |
| 11:39 | Build | Blacksmith |
| 12:01 | Build | House |
| 12:01 | Build | House |
| 12:27 | Research | Castle Age |
| 12:33 | Research | Double-Bit Axe |
| 12:34 | Research | Double-Bit Axe |
| 13:38 | Build | House |
| 13:39 | Build | House |
| 14:40 | Build | House |
| 14:41 | Build | House |
| 15:07 | Age | Castle Age |
| 15:09 | Queue | Villager (Male) |
| 15:10 | Queue | Villager (Male) |
| 15:12 | Build | Town Center |
| 15:16 | Research | Bow Saw |
| 15:16 | Research | Bow Saw |
| 15:20 | Build | Monastery |
| 15:23 | Build | Town Center |
| 15:53 | Queue | Villager (Male) |
| 15:57 | Research | Horse Collar |
| 16:05 | Queue | Monk |
| 16:15 | Build | Farm |
| 16:16 | Build | Farm |
| 16:19 | Build | Farm |
| 16:20 | Queue | Villager (Male) |
| 16:31 | Queue | Villager (Male) |
| 16:36 | Queue | Villager (Male) |
| 16:47 | Queue | Villager (Male) |
| 16:47 | Queue | Villager (Male) |
| 16:58 | Build | Town Center |
| 17:07 | Queue | Villager (Male) |
| 17:08 | Build | Farm |
| 17:23 | Queue | Villager (Male) |
| 17:30 | Queue | Monk |
| 17:33 | Queue | Villager (Male) |
| 17:33 | Queue | Villager (Male) |
| 17:35 | Build | Farm |
| 17:37 | Queue | Villager (Male) |
| 17:39 | Build | Farm |
| 17:40 | Build | Farm |
| 17:45 | Build | Farm |
| 17:48 | Build | Farm |
| 18:01 | Queue | Villager (Male) |
| 18:03 | Build | Barracks |
| 18:15 | Queue | Monk |
| 18:22 | Queue | Villager (Male) |
| 18:23 | Queue | Villager (Male) |
| 18:26 | Build | Farm |
| 18:27 | Build | Farm |
| 18:28 | Build | Farm |
| 18:48 | Queue | Villager (Male) |
| 18:48 | Queue | Villager (Male) |
Build order — [GDL] Chuchito
102 actions detected in the replay
| 0:00 | Queue | Villager (Male) |
| 0:00 | Queue | Villager (Male) |
| 0:01 | Queue | Villager (Male) |
| 0:02 | Build | House |
| 0:03 | Build | House |
| 0:05 | Queue | Villager (Male) |
| 1:22 | Queue | Villager (Male) |
| 1:50 | Build | Lumber Camp |
| 1:53 | Queue | Villager (Male) |
| 2:13 | Queue | Villager (Male) |
| 2:29 | Queue | Villager (Male) |
| 2:30 | Queue | Villager (Male) |
| 3:04 | Queue | Villager (Male) |
| 3:04 | Queue | Villager (Male) |
| 3:41 | Queue | Villager (Male) |
| 3:43 | Queue | Villager (Male) |
| 3:49 | Build | House |
| 3:58 | Queue | Villager (Male) |
| 4:23 | Queue | Villager (Male) |
| 4:47 | Queue | Villager (Male) |
| 5:08 | Queue | Villager (Male) |
| 5:17 | Queue | Villager (Male) |
| 5:20 | Research | Loom |
| 5:22 | Build | Mining Camp |
| 5:51 | Research | Feudal Age |
| 6:48 | Queue | Villager (Male) |
| 7:08 | Queue | Villager (Male) |
| 7:16 | Build | House |
| 7:24 | Queue | Villager (Male) |
| 7:31 | Queue | Villager (Male) |
| 7:53 | Queue | Villager (Male) |
| 8:01 | Age | Feudal Age |
| 8:07 | Build | Watch Tower |
| 8:27 | Queue | Villager (Male) |
| 8:53 | Build | Blacksmith |
| 9:05 | Queue | Villager (Male) |
| 9:22 | Build | House |
| 9:24 | Queue | Villager (Male) |
| 9:40 | Research | Fletching |
| 9:42 | Queue | Villager (Male) |
| 9:43 | Queue | Villager (Male) |
| 9:48 | Queue | Villager (Male) |
| 9:48 | Queue | Villager (Male) |
| 10:09 | Queue | Villager (Male) |
| 10:12 | Build | House |
| 10:23 | Build | Watch Tower |
| 10:31 | Build | Gate |
| 10:37 | Build | Gate |
| 10:37 | Queue | Villager (Male) |
| 10:38 | Queue | Villager (Male) |
| 11:18 | Queue | Villager (Male) |
| 11:30 | Queue | Villager (Male) |
| 11:31 | Build | Mill |
| 11:54 | Build | Watch Tower |
| 12:18 | Queue | Villager (Male) |
| 12:19 | Build | Farm |
| 12:39 | Build | Farm |
| 12:42 | Build | House |
| 12:49 | Build | House |
| 12:52 | Queue | Villager (Male) |
| 13:24 | Queue | Villager (Male) |
| 13:27 | Build | Farm |
| 13:29 | Queue | Villager (Male) |
| 13:45 | Build | Farm |
| 13:54 | Queue | Villager (Male) |
| 14:02 | Queue | Villager (Male) |
| 14:22 | Build | Farm |
| 14:23 | Build | Farm |
| 14:36 | Queue | Villager (Male) |
| 14:38 | Build | Watch Tower |
| 14:39 | Queue | Villager (Male) |
| 14:47 | Build | Farm |
| 15:04 | Queue | Villager (Male) |
| 15:11 | Queue | Villager (Male) |
| 15:32 | Queue | Villager (Male) |
| 15:34 | Build | Farm |
| 15:35 | Build | Farm |
| 15:39 | Queue | Villager (Male) |
| 15:39 | Queue | Villager (Male) |
| 15:44 | Build | Mining Camp |
| 16:01 | Queue | Villager (Male) |
| 16:13 | Queue | Villager (Male) |
| 16:16 | Build | Watch Tower |
| 16:25 | Queue | Villager (Male) |
| 16:31 | Build | Farm |
| 16:42 | Queue | Villager (Male) |
| 16:51 | Queue | Villager (Male) |
| 17:01 | Build | Farm |
| 17:03 | Queue | Villager (Male) |
| 17:17 | Build | Farm |
| 17:25 | Queue | Villager (Male) |
| 17:28 | Queue | Villager (Male) |
| 17:33 | Build | Farm |
| 17:44 | Queue | Villager (Male) |
| 17:51 | Build | Watch Tower |
| 17:54 | Queue | Villager (Male) |
| 18:04 | Queue | Villager (Male) |
| 18:09 | Build | Market |
| 18:25 | Queue | Villager (Male) |
| 18:30 | Queue | Villager (Male) |
| 18:42 | Queue | Villager (Male) |
| 18:53 | Queue | Villager (Male) |
Build order — llllllllllllllll
88 actions detected in the replay
| 0:03 | Queue | Villager (Male) |
| 0:04 | Build | House |
| 0:06 | Build | House |
| 0:08 | Queue | Villager (Male) |
| 0:08 | Queue | Villager (Male) |
| 0:12 | Queue | Villager (Male) |
| 1:45 | Queue | Villager (Male) |
| 2:07 | Queue | Villager (Male) |
| 2:14 | Build | Lumber Camp |
| 2:31 | Queue | Villager (Male) |
| 2:41 | Queue | Villager (Male) |
| 3:24 | Queue | Villager (Male) |
| 3:25 | Queue | Villager (Male) |
| 3:25 | Queue | Villager (Male) |
| 4:02 | Build | House |
| 4:03 | Build | House |
| 4:04 | Queue | Villager (Male) |
| 4:18 | Queue | Villager (Male) |
| 4:44 | Queue | Villager (Male) |
| 5:04 | Build | Mill |
| 5:20 | Queue | Villager (Male) |
| 5:20 | Queue | Villager (Male) |
| 5:21 | Queue | Villager (Male) |
| 5:53 | Build | Farm |
| 5:55 | Build | Farm |
| 6:17 | Queue | Villager (Male) |
| 7:02 | Queue | Villager (Male) |
| 7:24 | Queue | Villager (Male) |
| 7:44 | Build | Mining Camp |
| 8:03 | Queue | Villager (Male) |
| 8:24 | Research | Feudal Age |
| 8:42 | Build | Farm |
| 9:23 | Build | House |
| 10:38 | Age | Feudal Age |
| 10:40 | Queue | Villager (Male) |
| 10:45 | Build | Blacksmith |
| 10:46 | Build | Market |
| 10:54 | Queue | Villager (Male) |
| 11:36 | Research | Castle Age |
| 12:39 | Research | Horse Collar |
| 14:16 | Age | Castle Age |
| 14:19 | Build | Town Center |
| 14:19 | Queue | Villager (Male) |
| 14:23 | Build | Town Center |
| 14:32 | Build | Monastery |
| 14:33 | Queue | Villager (Male) |
| 14:48 | Build | Farm |
| 14:50 | Queue | Villager (Male) |
| 15:12 | Build | Farm |
| 15:17 | Build | House |
| 15:18 | Build | House |
| 15:19 | Queue | Villager (Male) |
| 15:23 | Research | Heavy Plow |
| 15:26 | Queue | Villager (Male) |
| 15:44 | Queue | Villager (Male) |
| 15:46 | Queue | Monk |
| 15:53 | Build | Farm |
| 15:54 | Build | Farm |
| 15:57 | Build | Farm |
| 15:58 | Queue | Villager (Male) |
| 16:07 | Build | Farm |
| 16:16 | Queue | Villager (Male) |
| 16:26 | Build | Farm |
| 16:32 | Build | Farm |
| 16:32 | Build | Farm |
| 16:46 | Queue | Villager (Male) |
| 16:51 | Build | Farm |
| 16:52 | Queue | Villager (Male) |
| 16:55 | Build | Farm |
| 16:58 | Build | Farm |
| 17:06 | Queue | Villager (Male) |
| 17:19 | Queue | Villager (Male) |
| 17:23 | Build | Barracks |
| 17:30 | Queue | Villager (Male) |
| 17:39 | Queue | Villager (Male) |
| 17:48 | Queue | Villager (Male) |
| 17:55 | Build | Farm |
| 17:57 | Build | Farm |
| 17:58 | Queue | Villager (Male) |
| 18:15 | Queue | Villager (Male) |
| 18:16 | Build | Farm |
| 18:17 | Build | Farm |
| 18:17 | Queue | Villager (Male) |
| 18:27 | Queue | Villager (Male) |
| 18:37 | Build | Farm |
| 18:38 | Queue | Villager (Male) |
| 18:42 | Build | Farm |
| 18:50 | Queue | Villager (Male) |
Build order — VENÓN | Kevin
103 actions detected in the replay
| 0:01 | Queue | Villager (Male) |
| 0:01 | Queue | Villager (Male) |
| 0:03 | Build | House |
| 0:04 | Build | House |
| 0:10 | Queue | Villager (Male) |
| 0:10 | Queue | Villager (Male) |
| 0:10 | Queue | Villager (Male) |
| 1:26 | Queue | Villager (Male) |
| 1:26 | Queue | Villager (Male) |
| 1:41 | Queue | Villager (Male) |
| 1:41 | Queue | Villager (Male) |
| 1:51 | Build | Lumber Camp |
| 2:12 | Queue | Villager (Male) |
| 2:12 | Queue | Villager (Male) |
| 2:32 | Queue | Villager (Male) |
| 2:32 | Queue | Villager (Male) |
| 2:55 | Queue | Villager (Male) |
| 2:55 | Queue | Villager (Male) |
| 3:25 | Build | House |
| 3:31 | Queue | Villager (Male) |
| 3:33 | Build | House |
| 3:46 | Build | House |
| 3:53 | Queue | Villager (Male) |
| 4:07 | Queue | Villager (Male) |
| 4:07 | Queue | Villager (Male) |
| 4:59 | Queue | Villager (Male) |
| 4:59 | Queue | Villager (Male) |
| 4:59 | Queue | Villager (Male) |
| 5:09 | Queue | Villager (Male) |
| 5:35 | Build | Mill |
| 5:40 | Queue | Villager (Male) |
| 6:13 | Queue | Villager (Male) |
| 6:18 | Build | Lumber Camp |
| 6:44 | Build | Mining Camp |
| 6:55 | Queue | Villager (Male) |
| 7:09 | Build | Farm |
| 7:24 | Build | Farm |
| 7:30 | Queue | Villager (Male) |
| 7:48 | Queue | Villager (Male) |
| 7:59 | Build | Farm |
| 8:26 | Queue | Villager (Male) |
| 8:32 | Research | Feudal Age |
| 8:32 | Research | Feudal Age |
| 9:30 | Build | Farm |
| 9:52 | Queue | Villager (Male) |
| 10:42 | Age | Feudal Age |
| 10:44 | Build | Market |
| 10:48 | Build | Blacksmith |
| 10:49 | Queue | Villager (Male) |
| 11:16 | Queue | Villager (Male) |
| 11:40 | Build | House |
| 11:56 | Research | Castle Age |
| 11:56 | Research | Castle Age |
| 12:29 | Research | Double-Bit Axe |
| 12:30 | Research | Double-Bit Axe |
| 12:48 | Queue | Villager (Male) |
| 12:57 | Research | Horse Collar |
| 12:57 | Research | Horse Collar |
| 13:41 | Build | Barracks |
| 14:20 | Build | House |
| 14:37 | Age | Castle Age |
| 14:43 | Build | Stable |
| 14:58 | Queue | Villager (Male) |
| 15:05 | Build | House |
| 15:07 | Build | Farm |
| 15:13 | Research | Scale Barding Armor |
| 15:30 | Queue | Knight |
| 15:31 | Queue | Knight |
| 15:31 | Queue | Knight |
| 15:33 | Build | Farm |
| 15:36 | Build | Farm |
| 15:40 | Build | Farm |
| 15:46 | Queue | Villager (Male) |
| 15:46 | Queue | Villager (Male) |
| 15:54 | Build | House |
| 16:00 | Build | Farm |
| 16:01 | Build | Farm |
| 16:07 | Queue | Villager (Male) |
| 16:17 | Build | Farm |
| 16:20 | Queue | Villager (Male) |
| 16:20 | Queue | Villager (Male) |
| 16:20 | Queue | Villager (Male) |
| 16:41 | Queue | Villager (Male) |
| 16:41 | Queue | Villager (Male) |
| 16:43 | Build | Farm |
| 16:53 | Queue | Villager (Male) |
| 16:56 | Build | Farm |
| 16:58 | Build | Farm |
| 17:03 | Queue | Knight |
| 17:10 | Build | Farm |
| 17:15 | Queue | Villager (Male) |
| 17:27 | Queue | Knight |
| 17:39 | Build | Farm |
| 17:44 | Queue | Villager (Male) |
| 17:49 | Queue | Villager (Male) |
| 18:08 | Queue | Villager (Male) |
| 18:26 | Queue | Villager (Male) |
| 18:32 | Queue | Villager (Male) |
| 18:37 | Queue | Villager (Male) |
| 18:38 | Queue | Knight |
| 18:38 | Queue | Knight |
| 18:46 | Queue | Villager (Male) |
| 19:01 | Queue | Knight |
Match timeline
| 8:01 | [GDL] Chuchito · age_up feudal |
| 8:51 | JunkDogJoe · wall_segment Palisade Wall x4 |
| 9:01 | JunkDogJoe · wall_segment Palisade Wall x10 |
| 9:41 | [GDL] Tortillinas · age_up feudal |
| 10:08 | VENÓN | Talk is cheap · first_building Barracks |
| 10:17 | JunkDogJoe · wall_segment Palisade Wall x3 |
| 10:30 | goldenseed · age_up feudal |
| 10:38 | llllllllllllllll · age_up feudal |
| 10:38 | [GDL] Tortillinas · first_market_sell 500 stone |
| 10:42 | VENÓN | Kevin · age_up feudal |
| 10:44 | [GDL] Tortillinas · first_market_buy 100 food |
| 10:45 | JunkDogJoe · age_up feudal |
| 11:11 | JunkDogJoe · wall_segment Palisade Wall x1 |
| 11:32 | Longbow · age_up feudal |
| 11:33 | JunkDogJoe · wall_segment Palisade Wall x1 |
| 11:46 | VENÓN | Talk is cheap · age_up feudal |
| 11:50 | VENÓN | Talk is cheap · first_building Stable |
| 11:52 | VENÓN | Kevin · first_market_buy 100 food |
| 11:53 | VENÓN | Kevin · first_market_sell 100 wood |
| 12:05 | JunkDogJoe · first_market_sell 100 stone |
| 12:06 | JunkDogJoe · first_market_buy 100 food |
| 13:27 | VENÓN | Talk is cheap · first_market_buy 100 food |
| 13:27 | [GDL] Tortillinas · age_up castle |
| 13:32 | [GDL] Tortillinas · first_building Siege Workshop |
| 13:37 | [GDL] Tortillinas · first_building Monastery |
| 13:41 | VENÓN | Kevin · first_building Barracks |
| 13:46 | goldenseed · age_up castle |
| 14:16 | llllllllllllllll · age_up castle |
| 14:32 | llllllllllllllll · first_building Monastery |
| 14:37 | VENÓN | Kevin · age_up castle |
| 14:38 | JunkDogJoe · wall_segment Palisade Wall x1 |
| 14:42 | JunkDogJoe · wall_segment Palisade Wall x1 |
| 14:43 | VENÓN | Kevin · first_building Stable |
| 14:51 | goldenseed · first_building Barracks |
| 15:07 | Longbow · age_up castle |
| 15:20 | Longbow · first_building Monastery |
| 15:23 | VENÓN | Talk is cheap · age_up castle |
| 15:28 | JunkDogJoe · age_up castle |
| 15:33 | JunkDogJoe · first_building Siege Workshop |
| 15:35 | JunkDogJoe · first_building Monastery |
| 15:46 | JunkDogJoe · wall_segment Palisade Wall x1 |
| 16:05 | goldenseed · first_building Siege Workshop |
| 16:52 | Longbow · first_market_buy 100 stone |
| 17:23 | llllllllllllllll · first_building Barracks |
| 17:36 | goldenseed · first_market_sell 100 stone |
| 17:37 | goldenseed · first_market_buy 100 food |
| 18:03 | Longbow · first_building Barracks |
| 18:40 | goldenseed · resign |
| 19:01 | [GDL] Chuchito · first_market_buy 100 food |
| 19:01 | [GDL] Chuchito · first_market_sell 500 wood |
[ AI ANALYSIS · 1 CREDIT ]
What really happened in this match?
Wolo.gg analyzes every decision: build order, eco, micro, common mistakes by bracket. Personalized analysis on WhatsApp or Discord in 30 seconds.
Civ guide
Lithuanians
Perfil
Jugador #1574999